 Dungeon Crawl Stone Soup version 0.18.1-48-g4cf74bf (webtiles) character file.

729 vale the Magician (level 7, -1/50 HPs)
             Began as a Ghoul Wizard on June 25, 2016.
             Shot with an arrow by a centaur warrior (12 damage)
             ... on level 5 of the Dungeon.
             The game lasted 00:22:36 (6072 turns).

vale the Magician (Ghoul Wizard)                    Turns: 6072, Time: 00:22:37

Health: -1/50      AC:  8    Str: 11    XL:     7   Next: 73%
Magic:  9/14       EV: 12    Int: 15    God:
Gold:   243        SH:  0    Dex: 10    Spells: 6 memorised, 3 levels left

rFire  . . .     SeeInvis .     a - +8 falchion of Intimidation {drain, Dex+3}
rCold  + . .     Gourm    .     l - +0 robe
rNeg   + + +     Faith    .     (no shield)
rPois  ∞         Spirit   .     b - +0 hat
rElec  .         Dismiss  .     n - +1 cloak
rCorr  .         Reflect  .     (no gloves)
SustAt .         Harm     .     (no boots)
MR     .....                    r - amulet of magic regeneration
Stlth  ++........               B - +4 ring of protection
                                t - +2 ring of slaying

@: very slightly contaminated, rotting, not resistant to hostile enchantments,
unstealthy
A: rotting body, claws 1, carnivore 3, cold resistance 1, negative energy
resistance 3, slow regeneration 1, torment resistance, unbreathing
a: no special abilities


You were on level 5 of the Dungeon.
You were hungry.

You visited 1 branch of the dungeon, and saw 5 of its levels.

You collected 243 gold pieces.

Inventory:

Hand Weapons
 a - the +8 falchion of Intimidation (weapon) {drain, Dex+3}
   (You found it on level 5 of the Dungeon)

   A truly terrible weapon, it drains the life of those it strikes.
   It affects your dexterity (+3).
 j - a +1 dagger
 k - the +8 mace "Jinyzaf" {speed, rPois rF+ Int-3}
   (You found it on level 5 of the Dungeon)

   Attacks with this weapon are significantly faster.
   It affects your intelligence (-3).
   It protects you from fire.
   It protects you from poison.
Armour
 b - a +0 hat (worn)
 l - a +0 robe (worn)
 n - a +1 cloak (worn)
Jewellery
 r - an amulet of magic regeneration (around neck)
 t - a +2 ring of slaying (left claw)
 B - a +4 ring of protection (right claw)
Scrolls
 e - a scroll of blinking
 f - a scroll of magic mapping
 h - a scroll of immolation
 i - a scroll of enchant weapon
 v - a scroll of fear
 A - a scroll of enchant armour
 D - a scroll of remove curse
Potions
 g - a potion of magic
 u - a potion of agility
Books
 c - a book of Minor Magic

   Spells                             Type                      Level
   a - Magic Dart                     Conjuration                  1
   b - Blink                          Translocation                2
   c - Call Imp                       Summoning                    2
   d - Repel Missiles                 Charms/Air                   2
   e - Slow                           Hexes                        2
   f - Conjure Flame                  Conjuration/Fire             3
   g - Mephitic Cloud                 Conjuration/Poison/Air       3
Comestibles
 d - 6 meat rations {@e2}
 m - 2 chunks of flesh {@w0}
 p - 3 royal jellies
 x - a beef jerky


   Skills:
 - Level 1.7 Dodging
 - Level 2.1 Stealth
 + Level 5.3 Spellcasting
 - Level 5.0 Conjurations
 - Level 0.8 Summonings
 - Level 0.8 Translocations


You had 3 spell levels left.
You knew the following spells:

 Your Spells              Type           Power        Failure   Level  Hunger
a - Magic Dart            Conj           ###.         1%          1    None
c - Conjure Flame         Conj/Fire      ##......     21%         3    ###....
d - Mephitic Cloud        Conj/Pois/Air  #.......     24%         3    ###....
e - Call Imp              Summ           #.......     17%         2    #......
f - Repel Missiles        Chrm/Air       #.....       28%         2    #......
p - Blink                 Tloc           N/A          17%         2    #......


Dungeon Overview and Level Annotations

Branches:
Dungeon (5/15)
 Temple: D:4-7

Altars:
Cheibriados
Fedhas
Gozag
Kikubaaqudgha
Nemelex Xobeh
Pakellas
Ru
The Shining One


Innate Abilities, Weirdness & Mutations

Your body is rotting away.
You thrive on raw meat.
You are immune to poison.
You have sharp fingernails.
You are carnivorous and can eat meat at any time.
Your flesh is cold resistant.
You are immune to negative energy.
You regenerate slowly when monsters are visible.
You are immune to unholy pain and torment.
You can survive without breathing.


Message History

A beastly little devil appears in a puff of flame.
You now have 3/14 mp.
What do you say? t - Shout!
Orders for allies: a - Attack new target. p - Attack previous target. r - Retreat! s - Stop attacking. w - Wait here. f - Follow me.
Anything else - Stay silent.
Gang up on whom?
Aim: a troll (almost dead, confused) Attack!
There is an open door here.
The centaur warrior shouts!
The centaur warrior shoots an arrow.
The arrow is repelled.
You see here an arrow.
The centaur warrior shoots an arrow.
The arrow barely misses you.
The centaur warrior shoots an arrow.
The arrow is repelled.
You feel less protected from missiles.
You swap places.
The centaur warrior shoots an arrow.
The arrow hits you!
You die...

########## ... #.......(#
#####c..8.# #........#
#......_..#
##........########.......8.#
..........'......+.........
#.........###.#..#.......# #####
#.........# #...@.......# #....
#.........# #.##.5......# #....
#.........###.###(..(...#####....
..........'........(....+........
#.........#######..(....###.#.##.
#.######### #####...#######.#.###
#.#### ...................#
#....# ......#.....####.###
####.# ......#.###....#.#


You could see a centaur warrior and a friendly crimson imp.

Vanquished Creatures
  A sky beast (D:5)
  An ogre (D:5)
  A centaur (D:4)
  A scorpion (D:5)
  A vampire bat (D:4)
  A crimson imp (D:5)
  Crazy Yiuf (D:5)
  An iguana (D:5)
  A hound skeleton (D:4)
  5 adders
  A shadow imp (D:5)
  2 oozes
  An adder zombie (D:5)
  A worm (D:4)
  3 dart slugs
  3 giant geckos
  2 orcs
  4 bat skeletons (D:4)
  2 bat zombies (D:4)
  3 giant cockroaches
  17 goblins
  10 hobgoblins
  8 jackals
  2 kobolds
  7 quokkas
  A ball python (D:1)
  7 bats
  12 rats
100 creatures vanquished.

Vanquished Creatures (collateral kills)
  An ogre (D:4)
  A vampire bat (D:4)
  3 worker ants
  Robin (D:4)
  An adder (D:3)
  4 worms (D:2)
  A giant cockroach (D:4)
  A goblin (D:4)
  2 hobgoblins
  A jackal (D:1)
  A kobold (D:2)
17 creatures vanquished.

Vanquished Creatures (others)
  An orange crystal statue (D:4)
1 creature vanquished.

Grand Total: 118 creatures vanquished

Notes
Turn   | Place    | Note
--------------------------------------------------------------
     0 | D:1      | vale the Ghoul Wizard began the quest for the Orb.
     0 | D:1      | Reached XP level 1. HP: 14/14 MP: 3/3
   101 | D:1      | Reached skill level 1 in Conjurations
   537 | D:1      | Reached XP level 2. HP: 8/19 MP: 0/4
  1089 | D:1      | Learned a level 2 spell: Blink
  1092 | D:1      | Learned a level 2 spell: Call Imp
  1445 | D:2      | Reached XP level 3. HP: 25/25 MP: 3/6
  2304 | D:2      | You fall through a shaft for 2 floors!
  2562 | D:4      | Reached XP level 4. HP: 33/33 MP: 5/7
  2583 | D:4      | Noticed Robin
  2616 | D:4      | Killed Robin
  2849 | D:3      | Found a faded altar to an unknown god.
  3019 | D:3      | Reached XP level 5. HP: 31/38 MP: 3/8
  3024 | D:3      | Learned a level 3 spell: Mephitic Cloud
  3367 | D:2      | Found a sacrificial altar of Ru.
  3367 | D:2      | Found a blossoming altar of Fedhas.
  3705 | D:2      | Found a glowing golden altar of the Shining One.
  4491 | D:4      | Noticed a centaur
  4600 | D:4      | Found an ancient bone altar of Kikubaaqudgha.
  4632 | D:4      | Reached XP level 6. HP: 23/45 MP: 9/9
  4636 | D:4      | Reached skill level 5 in Conjurations
  5289 | D:4      | Learned a level 3 spell: Conjure Flame
  5339 | D:4      | Found an oddly glowing altar of Pakellas.
  5339 | D:4      | Noticed an orange crystal statue
  5340 | D:4      | Noticed a troll
  5353 | D:4      | Killed an orange crystal statue
  5384 | D:5      | Entered Level 5 of the Dungeon
  5409 | D:5      | Found an opulent altar of Gozag.
  5440 | D:5      | Got a smoking falchion
  5441 | D:5      | Identified the +8 falchion of Intimidation {drain, Dex+3} (You found it on level 5 of the Dungeon)
  5569 | D:5      | Noticed a sky beast
  5583 | D:5      | Killed a sky beast
  5583 | D:5      | Reached XP level 7. HP: 38/50 MP: 5/12
  5669 | D:5      | Found an oddly glowing altar of Pakellas.
  5699 | D:5      | Noticed a centaur warrior
  5701 | D:5      | what!
  5733 | D:5      | Reached skill level 5 in Spellcasting
  5775 | D:5      | Learned a level 2 spell: Repel Missiles
  5815 | D:5      | Found a snail-covered altar of Cheibriados.
  5892 | D:5      | Noticed Crazy Yiuf
  5895 | D:5      | Killed Crazy Yiuf
  5934 | D:5      | Got a polished mace
  5935 | D:5      | Identified the +8 mace "Jinyzaf" {speed, rPois rF+ Int-3} (You found it on level 5 of the Dungeon)
  6033 | D:5      | Found a sparkling altar of Nemelex Xobeh.
  6034 | D:5      | Noticed a troll
  6072 | D:5      | Shot with an arrow by a centaur warrior

Skill      XL: |  1  2  3  4  5  6  7 |
---------------+----------------------+-----
Conjurations   | 1 2 3 4 5 |  5.0
Spellcasting   | 4 5 |  5.3
Dodging        | |  1.7
Stealth        | |  2.1
Summonings     | |  0.8
Translocations | |  0.8

Action                   |  1- 3 |  4- 6 |  7- 9 || total
-------------------------+-------+-------+-------++-------
Melee: Dagger            |    71 |    58 |       ||   129
       Falchion          |       |     5 |    26 ||    31
       Mace              |       |       |     3 ||     3
 Cast: Magic Dart        |    93 |   129 |    21 ||   243
       Call Imp          |     8 |    16 |     2 ||    26
       Mephitic Cloud    |       |     2 |     6 ||     8
       Conjure Flame     |       |     1 |     1 ||     2
       Repel Missiles    |       |       |     1 ||     1
  Use: Potion            |     2 |       |       ||     2
       Scroll            |     1 |    15 |     1 ||    17
 Stab: Sleeping          |     1 |       |       ||     1
       Confused          |       |     2 |       ||     2
  Eat: Chunk             |    14 |    10 |     1 ||    25
Armor: Robe              |    21 |    26 |    12 ||    59
Dodge: Dodged            |    66 |    72 |    25 ||   163
       Deflected         |       |       |     2 ||     2
